TOP OF THE 1ST |
So Cal Henvy batting - Pitching for Orlando Calrissian : RHP Reagan Wear
|
Pitching: RHP Reagan Wear
|
|
Batting: SHB Miguel González
|
0-0: Ball 1-0: Ball 2-0: Called Strike 2-1: Called Strike 2-2: Ball 3-2: Foul Ball, location: 2F 3-2: Ground out 1-3 (Groundball, 13S)
|
Batting: LHB John Peterson
|
0-0: Ball 1-0: Foul Ball, location: 2F 1-1: Ball 2-1: Ground out U3 (Groundball, 3L)
|
Batting: RHB Earl Wiggins
|
0-0: Foul Ball, location: 2F 0-1: Ball 1-1: Foul Ball, location: 2F 1-2: Foul Ball, location: 2F 1-2: Ball 2-2: SINGLE (Line Drive, 9S)
|
Batting: RHB Rubén Calderón
|
0-0: Foul Ball, location: 2F 0-1: Ground out 6-3 (Groundball, 6)
|
Top of the 1st over - 0 run(s), 1 hit(s), 0 error(s), 1 left on base; So Cal 0 - Orlando 0 |
BOTTOM OF THE 1ST |
Orlando Calrissian batting - Pitching for So Cal Henvy : RHP Alejandro Méndez
|
Pitching: RHP Alejandro Méndez
|
|
Batting: LHB Danny Allen
|
0-0: Foul Ball, location: 2F 0-1: Fly out, F9 (Flyball, 89D)
|
Batting: SHB Tim Abbott
|
0-0: Ball 1-0: Called Strike 1-1: Ground out U3 (Groundball, 3S)
|
Batting: LHB Santiago Márquez
|
0-0: Ball 1-0: Called Strike 1-1: Fly out, F5 (Popup, 2L)
|
Bottom of the 1st over - 0 run(s), 0 hit(s), 0 error(s), 0 left on base; So Cal 0 - Orlando 0 |
TOP OF THE 2ND |
So Cal Henvy batting - Pitching for Orlando Calrissian : RHP Reagan Wear
|
Batting: SHB Ray Burgess
|
0-0: Called Strike 0-1: Foul Ball, location: 2F 0-2: Ball 1-2: Fly out, F9 (Flyball, 9S)
|
Batting: RHB Morgan Gibbon
|
0-0: Ball 1-0: Swinging Strike 1-1: Swinging Strike 1-2: Foul Ball, location: 2F 1-2: Ball 2-2: Foul Ball, location: 2F 2-2: Ball 3-2: Base on Balls
|
Batting: SHB Esteban Silva
|
0-0: Ball Passed Ball! Morgan Gibbon to second 1-0: Swinging Strike 1-1: Foul Ball, location: 2F 1-2: Strikes out swinging
|
Batting: RHB Greg Handrahan
|
0-0: SINGLE (Line Drive, 89M) Morgan Gibbon to third Runner from 3rd tries for Home, SAFE, no throw or cutoff
|
Batting: RHB Gregg Nelson
|
0-0: Called Strike 0-1: Fly out, F3 (Popup, 3SF)
|
Top of the 2nd over - 1 run(s), 1 hit(s), 0 error(s), 1 left on base; So Cal 1 - Orlando 0 |
BOTTOM OF THE 2ND |
Orlando Calrissian batting - Pitching for So Cal Henvy : RHP Alejandro Méndez
|
Batting: RHB Rich Anderson
|
0-0: Ball 1-0: Ball 2-0: SINGLE (Flyball, 6MD)
|
Batting: LHB Juan Colón
|
0-0: Foul Ball, location: 2F 0-1: Foul Ball, location: 2F 0-2: Ball 1-2: Strikes out swinging
|
Batting: RHB Kenny Cole
|
0-0: Ball 1-0: Ball 2-0: Ball 3-0: Swinging Strike 3-1: Base on Balls Rich Anderson to second
|
Batting: RHB Frederico Hernández
|
0-0: Grounds into double play, 6-4-3 (Groundball, 6)
|
Bottom of the 2nd over - 0 run(s), 1 hit(s), 0 error(s), 1 left on base; So Cal 1 - Orlando 0 |
TOP OF THE 3RD |
So Cal Henvy batting - Pitching for Orlando Calrissian : RHP Reagan Wear
|
Batting: SHB Miguel González
|
0-0: Ball 1-0: Called Strike 1-1: Ball 2-1: Ball 3-1: Base on Balls
|
Batting: LHB John Peterson
|
0-0: Ball 1-0: Swinging Strike 1-1: Ball 2-1: Foul Ball, location: 2F 2-2: Ball 3-2: Foul Ball, location: 2F 3-2: Foul Ball, location: 2F 3-2: SINGLE (Groundball, 6MD) Miguel González to second Runner from 2nd tries for 3rd, OUT! John Peterson to second
|
Batting: RHB Earl Wiggins
|
0-0: SINGLE (Line Drive, 34) John Peterson to third
|
Batting: RHB Rubén Calderón
|
0-0: Ball 1-0: Foul Ball, location: 2F 1-1: SINGLE (Line Drive, 8LS) John Peterson scores Earl Wiggins to second
|
Batting: SHB Ray Burgess
|
0-0: Ball 1-0: Swinging Strike 1-1: Called Strike 1-2: Ball 2-2: Ball 3-2: Strikes out swinging
|
Batting: RHB Morgan Gibbon
|
0-0: Ball 1-0: Foul Ball, location: 2F 1-1: Ball 2-1: DOUBLE (Flyball, 89XD) Earl Wiggins scores Rubén Calderón to third
|
Batting: SHB Esteban Silva
|
0-0: Ball 1-0: Called Strike 1-1: Ball 2-1: Foul Ball, location: 2F 2-2: Strikes out swinging
|
Top of the 3rd over - 2 run(s), 4 hit(s), 0 error(s), 2 left on base; So Cal 3 - Orlando 0 |
BOTTOM OF THE 3RD |
Orlando Calrissian batting - Pitching for So Cal Henvy : RHP Alejandro Méndez
|
Batting: RHB Robby Lewis
|
0-0: Ground out 6-3 (Groundball, 6)
|
Batting: RHB Enrique Bermúdez
|
0-0: Foul Ball, location: 2F 0-1: Called Strike 0-2: Strikes out looking
|
Batting: LHB Danny Allen
|
0-0: Ball 1-0: Ball 2-0: Called Strike 2-1: Fly out, F6 (Popup, 4MD)
|
Bottom of the 3rd over - 0 run(s), 0 hit(s), 0 error(s), 0 left on base; So Cal 3 - Orlando 0 |
TOP OF THE 4TH |
So Cal Henvy batting - Pitching for Orlando Calrissian : RHP Reagan Wear
|
Batting: RHB Greg Handrahan
|
0-0: SINGLE (Flyball, 9LS)
|
Batting: RHB Gregg Nelson
|
0-0: Grounds into double play, 4-6-3 (Groundball, 4)
|
Batting: SHB Miguel González
|
0-0: Called Strike 0-1: Called Strike 0-2: Ball 1-2: Ball 2-2: Ball 3-2: Base on Balls
|
Batting: LHB John Peterson
|
0-0: SINGLE (Groundball, 34D) Miguel González to second Runner from 2nd tries for 3rd, SAFE, throw made to third
|
Batting: RHB Earl Wiggins
|
0-0: SINGLE (Flyball, 6MD) Miguel González scores John Peterson to second Runner from 2nd tries for 3rd, OUT after rundown.
|
Top of the 4th over - 1 run(s), 3 hit(s), 0 error(s), 1 left on base; So Cal 4 - Orlando 0 |
BOTTOM OF THE 4TH |
Orlando Calrissian batting - Pitching for So Cal Henvy : RHP Alejandro Méndez
|
Batting: SHB Tim Abbott
|
0-0: Ball 1-0: Ball 2-0: SINGLE (Groundball, 25) (infield hit)
|
Batting: LHB Santiago Márquez
|
0-0: Called Strike 0-1: Called Strike 0-2: Foul Ball, location: 2F 0-2: DOUBLE (Line Drive, 7LS) Tim Abbott to third
|
Batting: RHB Rich Anderson
|
0-0: Foul Ball, location: 2F 0-1: Ball 1-1: Ball 2-1: Fly out, F9 (Line Drive, 89S)
|
Batting: LHB Juan Colón
|
0-0: Called Strike 0-1: Ball 1-1: Ball 2-1: Called Strike 2-2: Strikes out swinging
|
Batting: RHB Kenny Cole
|
0-0: Called Strike 0-1: Ball 1-1: Ball 2-1: Called Strike 2-2: Ball 3-2: Ground out 2-3 (Groundball, 23)
|
Bottom of the 4th over - 0 run(s), 2 hit(s), 0 error(s), 2 left on base; So Cal 4 - Orlando 0 |
TOP OF THE 5TH |
So Cal Henvy batting - Pitching for Orlando Calrissian : RHP Reagan Wear
|
Batting: RHB Rubén Calderón
|
0-0: Ball 1-0: Foul Ball, location: 2F 1-1: DOUBLE (Line Drive, 7LM)
|
Batting: SHB Ray Burgess
|
0-0: Intentional Walk
|
Batting: RHB Morgan Gibbon
|
0-0: Ball 1-0: Called Strike 1-1: Foul Ball, location: 2F 1-2: Ball 2-2: Ball 3-2: Base on Balls Rubén Calderón to third Ray Burgess to second
|
Batting: SHB Esteban Silva
|
0-0: Called Strike 0-1: Foul Ball, location: 2F 0-2: Ball 1-2: Foul Ball, location: 2F 1-2: Ball 2-2: Grounds into double play, 1-2-3 (Groundball, 13S) Ray Burgess to third Morgan Gibbon to second
|
Batting: RHB Greg Handrahan
|
0-0: Ball 1-0: Reached on error, E6 (Groundball, 6M) Ray Burgess scores Morgan Gibbon scores
|
Batting: RHB Gregg Nelson
|
0-0: Foul Ball, location: 2F 0-1: Foul Ball, location: 2F 0-2: Ball 1-2: Ball 2-2: Ball 3-2: Ground out 1-3 (Groundball, 25)
|
Top of the 5th over - 2 run(s), 1 hit(s), 1 error(s), 1 left on base; So Cal 6 - Orlando 0 |
BOTTOM OF THE 5TH |
Orlando Calrissian batting - Pitching for So Cal Henvy : RHP Alejandro Méndez
|
Batting: RHB Frederico Hernández
|
0-0: Ball 1-0: Ball 2-0: Ball 3-0: Base on Balls
|
Batting: RHB Robby Lewis
|
0-0: Fly out, F7 (Flyball, 7LM)
|
Batting: RHB Enrique Bermúdez
|
0-0: Ball 1-0: Fly out, F6 (Popup, 6MD)
|
Batting: LHB Danny Allen
|
0-0: Ball 1-0: Ball 2-0: Called Strike 2-1: 2-RUN HOME RUN (Flyball, 89XD), Distance : 397 ft
|
Batting: SHB Tim Abbott
|
0-0: Swinging Strike 0-1: Ground out 5-3 (Groundball, 5S)
|
Bottom of the 5th over - 2 run(s), 1 hit(s), 0 error(s), 0 left on base; So Cal 6 - Orlando 2 |
TOP OF THE 6TH |
So Cal Henvy batting - Pitching for Orlando Calrissian : RHP Reagan Wear
|
Batting: SHB Miguel González
|
0-0: Ball 1-0: Ball 2-0: DOUBLE (Flyball, 8RXD)
|
Batting: LHB John Peterson
|
0-0: Ball 1-0: Foul Ball, location: 2F 1-1: Ball 2-1: Ground out 4-3 (Groundball, 4) Miguel González to third
|
Pitching: LHP José Ramírez
|
|
Batting: RHB Earl Wiggins
|
0-0: Called Strike 0-1: Ball 1-1: Called Strike 1-2: Foul Ball, location: 2F 1-2: Fly out, F9 (Flyball, 9M) Runner from 3rd tags up, SCORES, throw made
|
Batting: RHB Rubén Calderón
|
0-0: Ball 1-0: DOUBLE (Line Drive, 7LM)
|
Batting: SHB Ray Burgess
|
0-0: Ball 1-0: Ground out 5-3 (Groundball, 5S)
|
Top of the 6th over - 1 run(s), 2 hit(s), 0 error(s), 1 left on base; So Cal 7 - Orlando 2 |
BOTTOM OF THE 6TH |
Orlando Calrissian batting - Pitching for So Cal Henvy : RHP Alejandro Méndez
|
Batting: LHB Santiago Márquez
|
0-0: Ball 1-0: Swinging Strike 1-1: Called Strike 1-2: Foul Ball, location: 2F 1-2: Ball 2-2: Ball 3-2: Base on Balls
|
Batting: RHB Rich Anderson
|
0-0: Called Strike 0-1: Ball 1-1: Foul Ball, location: 2F 1-2: Foul Ball, location: 2F 1-2: Foul Ball, location: 2F 1-2: Ball 2-2: Foul Ball, location: 2F 2-2: DOUBLE (Flyball, 78D) Santiago Márquez to third
|
Batting: LHB Juan Colón
|
0-0: Called Strike 0-1: Foul Ball, location: 2F 0-2: Strikes out swinging
|
Batting: RHB Kenny Cole
|
0-0: Foul Ball, location: 2F 0-1: Ball 1-1: Called Strike 1-2: SINGLE (Groundball, 13S) (infield hit)
|
Batting: RHB Frederico Hernández
|
0-0: Foul Ball, location: 2F 0-1: Foul Ball, location: 2F 0-2: Strikes out looking
|
Batting: RHB Robby Lewis
|
0-0: Ball 1-0: Fly out, F4 (Popup, 4MD)
|
Bottom of the 6th over - 0 run(s), 2 hit(s), 0 error(s), 3 left on base; So Cal 7 - Orlando 2 |
TOP OF THE 7TH |
So Cal Henvy batting - Pitching for Orlando Calrissian : LHP José Ramírez
|
Batting: RHB Morgan Gibbon
|
0-0: Ball 1-0: SINGLE (Line Drive, 4MD)
|
Batting: SHB Esteban Silva
|
0-0: Ball 1-0: 2-RUN HOME RUN (Flyball, 8LXD), Distance : 445 ft
|
Pitching: RHP Bernardo Hernández
|
|
Batting: RHB Greg Handrahan
|
0-0: Called Strike 0-1: Ground out 6-3 (Groundball, 6)
|
Batting: RHB Gregg Nelson
|
0-0: Ball 1-0: Foul Ball, location: 2F 1-1: Ball 2-1: Foul Ball, location: 2F 2-2: Ball 3-2: Fly out, F7 (Flyball, 78D)
|
Batting: SHB Miguel González
|
0-0: Ball 1-0: Called Strike 1-1: Ball 2-1: Swinging Strike 2-2: SINGLE (Groundball, 4MD)
|
Batting: LHB John Peterson
|
0-0: Ball 1-0: Foul Ball, location: 2F 1-1: Foul Ball, location: 2F 1-2: SINGLE (Popup, 5D) Miguel González to second
|
Batting: RHB Earl Wiggins
|
0-0: Ground out 2-3 (Groundball, 15S)
|
Top of the 7th over - 2 run(s), 4 hit(s), 0 error(s), 2 left on base; So Cal 9 - Orlando 2 |
BOTTOM OF THE 7TH |
Orlando Calrissian batting - Pitching for So Cal Henvy : RHP Alejandro Méndez
|
Batting: RHB Enrique Bermúdez
|
0-0: Swinging Strike 0-1: Foul Ball, location: 2F 0-2: Ball 1-2: Strikes out swinging
|
Batting: LHB Danny Allen
|
0-0: Ball 1-0: Swinging Strike 1-1: Called Strike 1-2: SINGLE (Groundball, 6MD)
|
Batting: SHB Tim Abbott
|
0-0: Called Strike 0-1: Called Strike 0-2: Ball 1-2: Strikes out swinging
|
Batting: LHB Santiago Márquez
|
0-0: Ball 1-0: SINGLE (Line Drive, 34D) Danny Allen to second
|
Batting: RHB Rich Anderson
|
0-0: Called Strike 0-1: Foul Ball, location: 2F 0-2: Fly out, F7 (Line Drive, 7M)
|
Bottom of the 7th over - 0 run(s), 2 hit(s), 0 error(s), 2 left on base; So Cal 9 - Orlando 2 |
TOP OF THE 8TH |
So Cal Henvy batting - Pitching for Orlando Calrissian : RHP Bernardo Hernández
|
Batting: RHB Rubén Calderón
|
0-0: Ball 1-0: Ground out 6-3 (Groundball, 6)
|
Batting: SHB Ray Burgess
|
0-0: Ball 1-0: Called Strike 1-1: Ball 2-1: Ball 3-1: SINGLE (Line Drive, 3D)
|
Batting: RHB Morgan Gibbon
|
0-0: Called Strike 0-1: Ball 1-1: Fly out, F9 (Flyball, 89D)
|
Batting: SHB Esteban Silva
|
0-0: Ball 1-0: Foul Ball, location: 2F 1-1: Called Strike 1-2: DOUBLE (Flyball, 9D) Ray Burgess to third
|
Batting: RHB Greg Handrahan
|
0-0: Called Strike 0-1: Ball 1-1: Called Strike 1-2: Fly out, F7 (Popup, 78S)
|
Top of the 8th over - 0 run(s), 2 hit(s), 0 error(s), 2 left on base; So Cal 9 - Orlando 2 |
BOTTOM OF THE 8TH |
Orlando Calrissian batting - Pitching for So Cal Henvy : RHP Alejandro Méndez
|
Pitching: RHP Jim Nelson
|
|
Batting: LHB Juan Colón
|
0-0: Swinging Strike 0-1: Ball 1-1: Swinging Strike 1-2: Foul Ball, location: 2F 1-2: Strikes out swinging
|
Batting: RHB Kenny Cole
|
0-0: Ball 1-0: Ball 2-0: Called Strike 2-1: Called Strike 2-2: Strikes out swinging
|
Batting: RHB Frederico Hernández
|
0-0: Foul Ball, location: 2F 0-1: Called Strike 0-2: Strikes out swinging
|
Bottom of the 8th over - 0 run(s), 0 hit(s), 0 error(s), 0 left on base; So Cal 9 - Orlando 2 |
TOP OF THE 9TH |
So Cal Henvy batting - Pitching for Orlando Calrissian : RHP Bernardo Hernández
|
Batting: RHB Gregg Nelson
|
0-0: Called Strike 0-1: Ground out 5-3 (Groundball, 56)
|
Batting: SHB Miguel González
|
0-0: Foul Ball, location: 2F 0-1: Ball 1-1: Foul Ball, location: 2F 1-2: Ball 2-2: Ball 3-2: DOUBLE (Groundball, 3L)
|
Pitching: LHP Salvador Rodríguez
|
|
Batting: LHB John Peterson
|
0-0: Foul Ball, location: 2F 0-1: Ball 1-1: Called Strike 1-2: Fly out, F6 (Popup, 5DF)
|
Batting: RHB Earl Wiggins
|
0-0: Fly out, F9 (Line Drive, 9M)
|
Top of the 9th over - 0 run(s), 1 hit(s), 0 error(s), 1 left on base; So Cal 9 - Orlando 2 |
BOTTOM OF THE 9TH |
Orlando Calrissian batting - Pitching for So Cal Henvy : RHP Jim Nelson
|
Batting: RHB Robby Lewis
|
0-0: Called Strike 0-1: Fly out, F8 (Flyball, 78XD)
|
Batting: RHB Enrique Bermúdez
|
0-0: Ball 1-0: SINGLE (Line Drive, 8LS)
|
Batting: LHB Danny Allen
|
0-0: Ball 1-0: Foul Ball, location: 2F 1-1: Ball 2-1: Ball 3-1: Ground out 3-1 (Groundball, 34) Enrique Bermúdez to second
|
Pinch Hitting: RHB Raúl Canó
|
0-0: Ball 1-0: Ground out 6-3 (Groundball, 6)
|
Bottom of the 9th over - 0 run(s), 1 hit(s), 0 error(s), 1 left on base; So Cal 9 - Orlando 2 |
|